Map: Dusk Towers

Players

Nuffy

  • Race: Zerg Zerg
  • League: Master

Miszu - Winner!

  • Race: Terran Terran
  • League: Master

VOD

Have the link to the VOD?

Description

Time

  • Played on: June 27, 2016, 4:35 p.m.
  • Length: 10:01
Show
View Real Time Build Order
Export as new Build Order

Nuffy Zerg 

Build Orders: Hatch First 

Get SALT Encoding   

  12  0:01  Drone  
  13  0:13  Overlord  
  13  0:18  Drone  
  14  0:31  Drone x2  
  14  0:35  Drone  
  17  0:52  Hatchery  
  17  0:55  Drone  
  17  0:59  Drone  
  18  1:07  Extractor, Drone  
  18  1:18  Spawning Pool  
  17  1:20  Drone  
  18  1:30  Drone  
  19  1:39  Overlord  
  19  1:50  Drone  
  20  2:04  Zergling x2  
  20  2:05  Zergling x2, Queen x2  
  20  2:07  Metabolic Boost  
  26  2:11  Drone  
  26  2:15  Drone  
  28  2:22  Drone  
  29  2:26  Drone  
  32  2:37  Drone x2  
  32  2:41  Queen  
  34  2:45  Pneumatized Carapace  
  34  2:49  Overlord  
  34  2:52  Drone  
  34  2:58  Drone  
  36  3:07  Hatchery  
  36  3:09  Drone  
  36  3:12  Drone  
  37  3:14  Drone  
  38  3:21  Drone x3  
  38  3:27  Overlord  
  41  3:30  Overlord  
  41  3:33  Drone  
  43  3:34  Drone  
  43  3:36  Drone  
  44  3:44  Lair  
  44  3:50  Drone x3  
  47  3:57  Extractor  
  47  3:58  Extractor  
  47  4:00  Overlord  
  47  4:01  Roach Warren, Drone x2  
  47  4:02  Drone  
  47  4:04  Drone  
  47  4:06  Drone  
  47  4:07  Drone  
  50  4:18  Drone x3  
  53  4:29  Overlord  
  53  4:30  Overlord  
  53  4:34  Zergling x12  
  53  4:37  Queen  
  61  4:39  Queen  
  63  4:46  Roach x2  
  63  4:47  Roach  
  69  5:04  Spore Crawler  
  57  5:15  Roach x2  
  57  5:18  Drone x9  
  70  5:28  Spire  
  69  5:38  Drone  
  69  5:39  Drone  
  73  5:42  Roach  
  73  5:43  Roach x2  
  73  5:45  Drone x4  
  73  5:46  Drone  
  80  5:50  Evolution Chamber  
  80  5:51  Evolution Chamber  
  80  5:54  Ravager x5, Spore Crawler x2  
  77  6:07  Drone x7  
  68  6:36  Drone x7  
  68  6:37  Drone  
  68  6:38  Drone  
  77  6:51  Mutalisk x3  
  83  7:03  Drone x6  
  83  7:05  Drone  
  83  7:07  Overlord  
  90  7:16  Overlord x3  
  90  7:18  Extractor  
  89  7:26  Mutalisk x2  
  89  7:28  Drone x3  
  96  7:40  Drone x3  
  96  7:41  Overlord x2  
  97  7:47  Hatchery  
  96  7:51  Extractor  
  96  7:52  Zerg Ground Armor Level 1  
  96  7:53  Extractor  
  96  7:55  Drone x2  
  96  7:57  Glial Reconstitution  
  96  8:01  Drone  
  96  8:02  Baneling Nest  
  96  8:03  Drone x4  
  100  8:05  Drone x2  
  100  8:06  Drone x2  
  100  8:07  Drone  
  105  8:15  Zergling x10  
  105  8:18  Overlord  
  110  8:34  Mutalisk x4  
  110  8:40  Drone  
  119  8:41  Zergling x12  
  119  8:42  Zergling x4  
  127  8:50  Zergling x2  
  127  8:53  Hatchery  
  127  9:03  Mutalisk x2  
  127  9:05  Zergling x2  
  127  9:06  Zergling x12  
  127  9:09  Mutalisk  
  140  9:12  Zergling x2  
  140  9:13  Zergling x2  
  129  9:26  Baneling x4  
  129  9:29  Roach x7  
  123  9:42  Zergling x6  
  123  9:43  Zergling x8  
Show
View Real Time Build Order
Export as new Build Order

Miszu Terran - Winner!

Build Orders: Reaper Expand, MMM Bio 

Get SALT Encoding   

  12  0:01  SCV  
  13  0:13  SCV  
  14  0:17  Supply Depot  
  14  0:25  SCV  
  15  0:39  SCV  
  15  0:41  Barracks  
  16  0:43  Refinery  
  16  0:51  SCV  
  17  1:03  SCV  
  18  1:15  SCV  
  19  1:28  Orbital Command  
  19  1:29  Reaper  
  20  1:41  Command Center  
  20  1:49  Supply Depot  
  20  1:54  SCV  
  21  2:01  Barracks Reactor  
  21  2:02  Refinery  
  21  2:06  SCV  
  22  2:20  Factory  
  22  2:22  SCV  
  23  2:34  SCV  
  23  2:37  Marine x2  
  25  2:46  SCV  
  26  2:54  Marine, Orbital Command  
  26  2:55  Marine  
  26  2:58  SCV  
  29  3:05  Factory Reactor  
  29  3:07  Starport  
  29  3:10  SCV  
  29  3:12  Marine x2  
  32  3:21  SCV  
  32  3:22  SCV  
  34  3:28  Supply Depot  
  34  3:30  Marine x2  
  34  3:33  SCV  
  37  3:34  SCV  
  38  3:45  SCV  
  38  3:48  SCV  
  40  3:51  Marine x2, Medivac, Widow Mine  
  40  3:52  Medivac  
  40  3:54  Supply Depot  
  48  3:57  SCV  
  48  4:00  SCV  
  50  4:06  Liberator  
  50  4:09  SCV  
  51  4:10  Command Center  
  51  4:11  Liberator  
  51  4:12  SCV  
  52  4:18  Refinery  
  52  4:20  Refinery  
  52  4:22  SCV  
  56  4:29  SCV  
  60  4:34  SCV  
  62  4:39  Supply Depot  
  62  4:41  SCV  
  62  4:44  Engineering Bay  
  62  4:47  Engineering Bay  
  62  4:54  Factory Tech Lab  
  62  5:00  SCV x2  
  61  5:12  Siege Tank  
  61  5:13  SCV x2  
  68  5:25  SCV x2  
  68  5:27  Marine x2  
  68  5:28  Barracks  
  70  5:29  Terran Infantry Weapons Level 1, Terran Infantry Armor Level 1  
  70  5:30  Barracks  
  70  5:32  Orbital Command  
  70  5:37  SCV x2  
  70  5:44  Siege Tank  
  73  5:54  Marine x2, Orbital Command  
  73  5:55  SCV x2  
  77  6:07  SCV  
  78  6:13  SCV  
  78  6:17  Marine  
  78  6:18  Barracks Tech Lab x2  
  80  6:20  SCV  
  80  6:23  Barracks  
  80  6:24  Barracks x2  
  80  6:25  SCV  
  79  6:26  Barracks  
  79  6:32  SCV  
  74  6:34  Siege Tank  
  74  6:36  Stimpack, Combat Shields  
  74  6:37  Marine x3  
  74  6:38  Marine  
  81  6:41  Medivac x2  
  85  6:57  Supply Depot, Marine x2, SCV x3  
  85  6:58  Supply Depot, Marauder  
  85  6:59  Supply Depot x2  
  85  7:00  Armory  
  92  7:09  SCV  
  93  7:16  Barracks Reactor  
  93  7:17  Barracks Reactor x3  
  93  7:18  SCV  
  93  7:19  Marauder x2  
  93  7:22  Barracks Tech Lab  
  98  7:24  Medivac, Siege Tank  
  103  7:31  SCV x3  
  103  7:35  Supply Depot x2  
  106  7:37  Marine x2  
  106  7:40  Marauder  
  106  7:41  Marauder  
  106  7:43  SCV  
  106  7:44  Marauder  
  115  7:53  Marine x2  
  115  7:54  Marine  
  115  7:56  Marine x3  
  115  7:58  Marine x2  
  122  8:01  Marine, Marauder  
  122  8:03  Supply Depot  
  122  8:04  Supply Depot, Marine  
  127  8:07  Supply Depot, Concussive Shells  
  127  8:11  Marine x2  
  127  8:12  Marine  
  130  8:14  Marine x2  
  130  8:17  Medivac  
  136  8:20  Marauder  
  136  8:23  Marauder x2  
  136  8:24  Marine x3, Liberator  
  143  8:29  Marine x3  
  143  8:32  Marine x2  
  143  8:33  Missile Turret x2  
  148  8:37  Missile Turret  
  150  8:41  Marauder  
  150  8:42  Marine x3  
  156  8:48  Refinery  
  156  8:49  Supply Depot, Refinery  
  156  8:51  Supply Depot  
  156  8:52  Supply Depot  
  156  8:54  Marine  
  157  8:55  Liberator  
  157  9:02  Marine  
  160  9:03  Marauder  
  160  9:04  Marine  
  160  9:05  Command Center  
  160  9:06  Marauder  
  160  9:08  Marine x2  
  154  9:28  Marauder  
  154  9:30  Marine x2, Marauder  
  154  9:31  Marine x7  
Tags
 
Add a new tag
Caveats
  • Supply blocks, unpowered buildings, or Contaminate may cause inaccurate times.
  • Supply counts are checked every 10 seconds.